AoeStats
← Proverbial Monkey

Arabia

509204431Analyzed
1v1 RM · 6d ago on Sep 25, 2026· 117m 11s· 2 players
Game mode
Random Map
Map size
Tiny (2 player)
Population
200
Speed
Normal
Resources
Standard
Victory
Conquest
Starting age
Dark Age
Ending age
Imperial Age
RankedLock teamsTeams togetherTeam positionsShared explorationLock speedFull tech treeHidden civsTurbo modeCheats
Victory
Defeat
🇦🇲 Maya · Armenia
1077
+18
🇲🇽 Britons · Mexico
1111
-18
Evgen
0:26 Loom
9:24 Feudal Age
11:29 Town Watch
12:09 Double-Bit Axe
14:41 Horse Collar
16:56 Forging
18:08 Wheelbarrow
17:38 Fletching
24:54 Castle Age
22:55 Gold Mining
23:18 Scale Mail Armor
25:35 Bodkin Arrow
25:08 Crossbowman
26:26 Bow Saw
26:24 Padded Archer Armor
29:52 Heavy Plow
31:05 Hand Cart
33:20 Stone Mining
33:50 Thumb Ring
34:46 Leather Archer Armor
35:54 Squires
41:55 Imperial Age
40:35 Chain Mail Armor
40:56 Hand Cart
41:58 Masonry
42:09 Ballistics
42:44 Bracer
43:47 Chemistry
43:33 Arbalester
43:50 Eagle Warrior
45:32 Ring Archer Armor
46:32 Architecture
47:17 Holcans
48:26 Iron Casting
49:20 Conscription
50:03 Plate Mail Armor
52:17 Elite Eagle Warrior
52:42 Arson
54:45 Murder Holes
62:05 Two-Man Saw
61:21 Elite Skirmisher
62:20 Hul'che Javelineers
63:58 Town Patrol
68:25 Pikeman
70:08 Hoardings
72:01 Crop Rotation
72:08 Stone Shaft Mining
73:46 Town Patrol
79:09 Capped Ram
90:03 Halberdier
92:14 Blast Furnace
100:58 Sappers
114:24 Spies/Treason
Proverbial Monkey
7:11 Loom
10:35 Feudal Age
11:42 Double-Bit Axe
12:50 Fletching
13:55 Horse Collar
22:03 Castle Age
24:18 Crossbowman
25:20 Padded Archer Armor
26:52 Bodkin Arrow
32:38 Wheelbarrow
32:46 Scale Barding Armor
32:57 Leather Archer Armor
33:47 Bow Saw
35:06 Ballistics
35:22 Hand Cart
35:56 Masonry
39:54 Imperial Age
39:39 Yeomen
41:43 Elite Longbowman
42:57 Bracer
43:10 Forging
47:06 Warwolf
51:23 Town Watch
51:12 Cavalier
51:53 Husbandry
52:18 Chain Barding Armor
52:34 Iron Casting
53:44 Hoardings
53:30 Conscription
54:05 Ring Archer Armor
54:16 Plate Barding Armor
55:14 Town Patrol
58:19 Chemistry
57:50 Architecture
57:31 Scale Mail Armor
61:20 Blast Furnace
60:36 Chain Mail Armor
71:49 Man-at-Arms
72:15 Gambesons
72:31 Squires
74:46 Light Cavalry
79:15 Long Swordsman
83:24 Two-Handed Swordsman
84:02 Arson
92:29 Champion
Connection lost

Rejoining the realm…

Still unreachable

The connection could not be restored.

Session expired

The server has moved on; the page needs a fresh start.